Map: [ESL] Tropical Sacrifice

Players

Bioice - Winner!

  • Race: Zerg Zerg
  • Spawn Location: 7:00

Creature

  • Race: Protoss Protoss
  • Spawn Location: 1:00

Event: DreamHack SC2 Masters 2022 Atlanta (Online)

VOD

Have the link to the VOD?

Description

Time

  • Played on: Oct. 6, 2022, 4:23 p.m.
  • Length: 12:06

All games in this series

Show
View Real Time Build Order
Export as new Build Order

Bioice Zerg - Winner!

Build Orders: Hatch First 

Get SALT Encoding   

  12  0:00  Drone  
  13  0:13  Overlord  
  13  0:18  Drone  
  14  0:32  Drone x2  
  16  0:48  Drone  
  16  0:49  Drone  
  18  0:56  Hatchery  
  17  0:59  Drone  
  17  1:03  Extractor  
  17  1:16  Spawning Pool  
  16  1:18  Drone  
  16  1:22  Drone  
  18  1:28  Drone  
  19  1:39  Drone  
  20  1:50  Drone  
  21  2:04  Zergling x2  
  21  2:07  Queen  
  24  2:09  Queen  
  24  2:10  Overlord  
  24  2:14  Metabolic Boost  
  26  2:19  Drone  
  26  2:20  Zergling x2  
  28  2:36  Hatchery  
  27  2:38  Zergling x2  
  27  2:40  Drone  
  27  2:42  Drone  
  30  2:45  Zergling x2  
  30  2:47  Zergling x2  
  32  2:55  Queen  
  34  3:05  Overlord  
  34  3:06  Drone x2  
  36  3:13  Overlord  
  36  3:26  Drone x3  
  38  3:27  Drone  
  37  3:36  Drone  
  37  3:38  Drone x2  
  37  3:39  Drone  
  37  3:41  Spore Crawler, Queen  
  39  3:45  Queen  
  43  3:49  Drone x2  
  43  3:53  Drone x2  
  47  3:59  Roach Warren  
  46  4:06  Overlord  
  46  4:09  Zergling x6  
  49  4:16  Spore Crawler  
  48  4:19  Zergling x4  
  48  4:20  Zergling x2  
  48  4:21  Spore Crawler  
  50  4:26  Zergling x6  
  50  4:30  Drone x3  
  55  4:33  Drone  
  55  4:36  Drone  
  55  4:37  Drone  
  58  4:40  Drone x2  
  58  4:43  Drone  
  61  4:47  Lair  
  61  4:50  Overlord  
  61  4:56  Overlord  
  61  4:57  Drone x2  
  61  4:59  Drone  
  64  5:00  Drone  
  64  5:08  Queen  
  66  5:15  Drone, Overlord  
  66  5:16  Drone x5  
  72  5:21  Drone x5  
  72  5:23  Extractor  
  72  5:25  Extractor  
  72  5:26  Extractor  
  72  5:27  Drone x2  
  76  5:31  Overlord  
  76  5:34  Overlord, Evolution Chamber  
  76  5:35  Drone  
  76  5:41  Roach  
  76  5:42  Roach x2  
  81  5:52  Roach x2  
  81  5:54  Overlord  
  81  5:57  Hatchery, Overlord  
  85  6:03  Roach x3  
  88  6:07  Drone  
  84  6:21  Drone x2  
  84  6:22  Drone x10  
  96  6:26  Zerg Missile Weapons Level 1, Extractor  
  96  6:28  Glial Reconstitution  
  96  6:29  Drone  
  96  6:33  Extractor  
  96  6:34  Drone x3  
  96  6:38  Queen  
  100  6:41  Queen  
  100  6:43  Overlord  
  100  6:45  Overlord  
  101  6:54  Overlord  
  101  6:57  Roach  
  101  6:58  Roach x5  
  112  7:10  Roach x7  
  112  7:13  Overlord x2  
  126  7:18  Roach x3  
  126  7:21  Ravager x3  
  135  7:25  Overlord x2  
  135  7:33  Roach x5  
  143  7:39  Roach  
  143  7:40  Roach x3  
  143  7:42  Ravager  
  143  7:43  Ravager x2  
  154  7:44  Overlord x2  
  154  7:48  Roach x2  
  157  7:54  Roach x4  
  157  7:57  Overseer  
  157  7:58  Overseer  
  165  8:01  Roach  
  165  8:04  Roach  
  165  8:05  Roach x3  
  175  8:08  Overlord  
  164  8:24  Roach  
  164  8:25  Roach  
  164  8:26  Roach x10  
  173  8:31  Roach  
  155  8:36  Roach x5  
  153  8:43  Roach  
  153  8:44  Roach x4  
  162  8:48  Roach x3  
  159  8:56  Roach x4  
  159  9:00  Roach x2  
  165  9:07  Roach x4  
  165  9:08  Ravager  
  174  9:14  Roach x4  
  172  9:20  Roach  
  172  9:21  Ravager  
  172  9:23  Extractor  
  174  9:25  Ravager, Extractor  
  174  9:26  Overlord x2  
  174  9:30  Drone x6  
  180  9:36  Zerg Missile Weapons Level 2  
  180  9:40  Drone x3  
  180  9:42  Overlord x2  
  183  9:46  Spore Crawler  
  183  9:47  Overseer  
  183  9:51  Ravager x3  
  185  9:56  Roach x4  
  193  10:00  Ravager  
  193  10:04  Ravager  
  193  10:05  Roach  
  193  10:06  Roach  
  191  10:19  Roach x6  
  171  10:33  Roach  
  141  10:37  Roach  
  141  10:38  Roach x17  
  164  10:44  Roach x3  
  164  10:46  Roach  
  164  10:47  Roach  
  162  10:54  Roach x4  
  159  10:57  Roach x3  
  159  11:02  Queen  
  163  11:11  Ravager  
  163  11:13  Ravager x4  
  163  11:15  Roach x2  
  172  11:18  Hatchery  
  172  11:21  Roach  
  168  11:25  Roach  
  168  11:26  Roach x4  
  168  11:29  Ravager x2  
  178  11:34  Roach x5  
  188  11:43  Roach x5  
Show
View Real Time Build Order
Export as new Build Order

Creature Protoss 

Build Orders: 1 Gate Expand, Archon Immortal, Archon Drop, Dark Templar Rush 

Get SALT Encoding   

  12  0:00  Probe  
  13  0:15  Pylon  
  13  0:18  Probe (Chrono Boost)  
  14  0:27  Probe (Chrono Boost)  
  15  0:33  Probe (Chrono Boost)  
  16  0:40  Gateway  
  16  0:45  Probe  
  17  0:50  Assimilator  
  17  0:57  Probe  
  18  1:09  Probe  
  19  1:21  Probe  
  20  1:28  Nexus  
  20  1:38  Cybernetics Core  
  20  1:42  Probe  
  21  1:49  Assimilator  
  21  1:54  Probe  
  21  1:59  Pylon  
  22  2:06  Probe  
  23  2:14  Adept (Chrono Boost), Probe  
  23  2:16  Warp Gate  
  23  2:22  Probe  
  26  2:28  Twilight Council  
  27  2:32  Probe  
  28  2:37  Adept (Chrono Boost)  
  28  2:42  Probe  
  31  2:45  Probe  
  32  2:54  Probe  
  33  2:58  Robotics Facility  
  33  3:02  Probe  
  34  3:06  Probe  
  34  3:12  Dark Shrine  
  35  3:16  Probe  
  36  3:22  Gateway, Probe  
  37  3:28  Probe  
  38  3:35  Stalker (Chrono Boost)  
  38  3:39  Probe  
  37  3:45  Gateway  
  37  3:49  Warp Prism (Chrono Boost)  
  37  3:53  Probe  
  40  3:56  Probe  
  40  3:59  Pylon  
  41  4:05  Probe  
  41  4:08  Probe  
  43  4:11  Adept  
  43  4:12  Pylon  
  45  4:18  Probe  
  46  4:25  Probe  
  46  4:29  Assimilator  
  46  4:30  Probe, Assimilator  
  47  4:37  Probe  
  48  4:41  Nexus  
  48  4:42  Probe  
  48  4:43  Pylon  
  49  4:49  Probe  
  50  4:54  Probe  
  50  4:58  Dark Templar  
  53  5:02  Dark Templar  
  53  5:03  Dark Templar  
  53  5:04  Probe  
  56  5:15  Probe  
  56  5:17  Probe  
  56  5:20  Pylon  
  58  5:23  Gateway, Forge  
  58  5:24  Observer (Chrono Boost)  
  58  5:27  Probe  
  60  5:29  Probe  
  60  5:30  Shield Battery  
  61  5:38  Dark Templar x2  
  61  5:39  Archon, Probe  
  61  5:41  Dark Templar  
  61  5:42  Probe  
  69  5:44  Archon, Pylon  
  69  5:53  Immortal (Chrono Boost)  
  69  5:54  Pylon  
  69  5:56  Probe (Chrono Boost)  
  74  5:58  Probe (Chrono Boost)  
  74  6:03  Probe (Chrono Boost)  
  73  6:08  Charge  
  74  6:13  Probe x2 (Chrono Boost)  
  74  6:17  Protoss Ground Weapons Level 1 (Chrono Boost)  
  75  6:21  Probe x3  
  78  6:30  Sentry, Immortal (Chrono Boost)  
  78  6:31  Dark Templar  
  78  6:32  Zealot x2  
  90  6:33  Probe  
  90  6:35  Probe  
  90  6:39  Probe  
  93  6:42  Gateway  
  93  6:43  Gateway  
  93  6:45  Probe  
  94  6:50  Pylon  
  94  6:52  Pylon  
  94  6:53  Probe  
  95  6:56  Probe  
  95  6:59  Archon  
  96  7:03  Probe  
  97  7:10  Immortal (Chrono Boost), Probe x2  
  97  7:14  Assimilator  
  103  7:16  Probe  
  103  7:18  Gateway  
  103  7:21  Sentry x2, Gateway  
  103  7:22  Dark Templar x2  
  112  7:23  Gateway  
  112  7:25  Pylon  
  112  7:37  Probe  
  112  7:42  Blink (Chrono Boost), Assimilator  
  112  7:44  Immortal  
  117  7:48  Archon  
  117  7:53  Probe  
  118  8:00  Zealot x3  
  118  8:02  Pylon x2  
  124  8:07  Shield Battery  
  124  8:10  Pylon x2  
  118  8:22  Zealot x9  
  117  8:45  Zealot x9  
  129  8:50  Probe  
  130  9:00  Protoss Ground Weapons Level 2 (Chrono Boost)  
  114  9:08  Dark Templar x3  
  114  9:09  Zealot x6  
  127  9:24  Probe  
  127  9:27  Pylon  
  127  9:30  Archon  
  128  9:31  Nexus, Dark Templar  
  128  9:32  Dark Templar x2  
  128  9:35  Archon  
  128  9:36  Archon  
  128  9:37  Dark Templar x2, Sentry  
  140  9:40  Archon  
  140  9:45  Pylon  
  140  9:49  Pylon  
  140  9:50  Probe  
  141  10:00  Probe  
  141  10:02  Templar Archives  
  141  10:04  Zealot x2  
  141  10:05  Zealot x4  
  154  10:07  Sentry  
  154  10:14  Immortal (Chrono Boost)  
  118  10:29  Zealot x6  
  114  10:36  Zealot x3  
  80  11:01  Probe x2  
  80  11:02  High Templar x4  
  80  11:03  High Templar  
  88  11:04  High Templar  
  88  11:05  High Templar  
  88  11:06  Zealot, High Templar  
  88  11:07  Shield Battery  
  88  11:09  Archon x3, Immortal (Chrono Boost), Photon Cannon  
  88  11:10  Archon  
  96  11:14  Probe  
  96  11:17  Probe  
  100  11:26  Probe  
  100  11:32  Assimilator x2  
  101  11:35  Zealot  
  101  11:36  Zealot x5  
  101  11:37  Zealot  
  101  11:38  Zealot  
  92  11:57  Zealot x8  
Tags
 
Add a new tag
Caveats
  • Supply blocks, unpowered buildings, or Contaminate may cause inaccurate times.
  • Supply counts are checked every 10 seconds.